 Dungeon Crawl Stone Soup version 0.31.0-32-g396128a36d (console) character file.

Game seed: 17443152931257259743

6059 utis the Reanimator (level 10, -1/76 (80) HPs)
             Began as a Demigod Necromancer on Mar 30, 2024.
             Killed from afar by Erolcha (16 damage)
             ... with a fireball
             ... on level 9 of the Dungeon.
             The game lasted 00:44:47 (16585 turns).

utis the Reanimator (Demigod Necromancer)          Turns: 16585, Time: 00:44:48

HP:   -1/76 (80)    AC: 10    Str: 17    XL:     10   Next: 32%
MP:   15/17         EV: 16    Int: 27    God:
Gold: 516           SH:  0    Dex: 14    Spells: 2/15 levels left

rFire   . . .        o - +0 halberd
rCold   . . .        (shield currently unavailable)
rNeg    . . .        w - +0 scale mail
rPois   .            p - +0 helmet
rElec   .            (no cloak)
rCorr   .            l - +1 pair of gloves
SInv    .            (no boots)
Will    +....        (no amulet)
Stlth   +            C - +5 ring of evasion
HPRegen 0.32/turn    S - +6 ring of intelligence
MPRegen 0.15/turn

%: no passive effects
@: drained
A: high MP 1, forlorn, divine attributes
a: no special abilities


You were on level 9 of the Dungeon.
You visited 1 branch of the dungeon, and saw 9 of its levels.
You visited the Abyss 1 time.
You also visited: Sewer.

You collected 516 gold pieces.

Inventory:

Hand Weapons
 d - a +0 dagger
 h - a +0 spear
 o - a +0 halberd (weapon)
 s - a +1 short sword of draining
 u - a +0 morningstar
 G - a +0 trident
Missiles
 e - 69 stones
 r - 27 poisoned darts
 B - 5 boomerangs
 E - 5 atropa-tipped darts
Armour
 a - a +0 robe
 g - a +0 leather armour
 l - a +1 pair of gloves (worn)
 p - a +0 helmet (worn)
 t - +0 steam dragon scales
 w - a +0 scale mail (worn)
 y - a +0 ring mail
 O - a +1 pair of gloves
 T - a +0 chain mail
 U - a +0 plate armour
Jewellery
 C - a +5 ring of evasion (left hand)
 D - a ring of poison resistance
 S - a +6 ring of intelligence (right hand)
 V - a ring of ice
Wands
 A - a wand of flame (5)
 M - a wand of paralysis (5)
Scrolls
 f - a scroll of vulnerability
 i - 7 scrolls of teleportation {@r1}
 j - a scroll of torment {!r}
 m - a scroll of butterflies
 n - 2 scrolls of enchant weapon
 v - a scroll of poison {unknown}
 z - a scroll of revelation
 H - 2 scrolls of blinking
 I - a scroll of fear
 L - 3 scrolls of identify
 N - a scroll of fog {unknown}
 R - a scroll of noise {unknown}
 W - a scroll of enchant armour
Potions
 c - 4 potions of curing {@q1}
 k - a potion of might
 q - 3 potions of lignification
 x - a potion of heal wounds {@q2}
 F - a potion of brilliance
 J - a potion of mutation {!q}
 K - a potion of invisibility
 P - a potion of enlightenment {unknown}
 Q - a potion of resistance {unknown}


   Skills:
 + Level 4.7 Fighting
 * Level 6.4 Polearms
 + Level 4.6 Armour
 + Level 5.1 Dodging
 - Level 1.7 Stealth
 - Level 3.0 Spellcasting
 - Level 10.4 Necromancy


You had 2 spell levels left.
You knew the following spells:

 Your Spells              Type           Power      Damage    Failure   Level
n - Animate Dead          Necr           57%        N/A       3%          4
v - Vampiric Draining     Necr           57%        2d10      1%          3
w - Curse of Agony        Necr           57%        N/A       11%         5
Y - Necrotise             Necr           100%       1d9       1%          1

Your spell library contained the following spells:

 Spells                   Type           Power      Damage    Failure   Level
 Magic Dart               Conj           16%        1d3       28%         1
 Searing Ray              Conj           8%         2d4       38%         2
 Dazzling Flash           Conj/Hex       8%         N/A       63%         3
 Hailstorm                Conj/Ice       4%         3d5       63%         3
 Mephitic Cloud           Conj/Alch/Air  4%         N/A       63%         3
 Summon Ice Beast         Ice/Summ       4%         N/A       63%         3
 Fulminant Prism          Conj/Alch      2%         3d5       95%         4
 Leda's Liquefaction      Alch/Erth      2%         N/A       95%         4
 Lee's Rapid Deconstruct  Erth           2%         3d4*      100%        5
 Silence                  Hex/Air        2%         N/A       100%        5
 Summon Forest            Summ/Tloc      2%         N/A       100%        5
 Summon Mana Viper        Hex/Summ       4%         N/A       100%        5
 Bombard                  Conj/Erth      2%         9d1       100%        6
 Sculpt Simulacrum        Ice/Alch       2%         N/A       100%        6
 Summon Cactus Giant      Summ           2%         N/A       100%        6
 Ozocubu's Refrigeration  Ice            2%         4d7       100%        7
 Polar Vortex             Ice            2%         N/A       100%        9


Dungeon Overview and Level Annotations

Branches:
Dungeon (9/15)             Temple (0/1) D:7           Sewer (visited)
   Lair: D:8-11         Orc: D:9-12

Annotations:
D:7 3 runed translucent doors, tevior's ghost, novice HOGl
D:9 1 runed translucent door, Erolcha; xight's ghost, journeyman DEFE


Innate Abilities, Weirdness & Mutations

You have an increased reservoir of magic. (+10% MP)
You shall have no god before yourself.
Your divine heritage dramatically boosts your attributes as you level up.


Message History

Aiming: Vampiric Draining (safe; 1% risk of failure)
Press: ? - help, Shift-Dir - straight line You draw life force from something!
You feel life coursing into your body.
Casting: Vampiric Draining (safe; 1% risk of failure)
Confirm with . or Enter, or press ? or * to list all spells.
Aiming: Vampiric Draining (safe; 1% risk of failure)
Press: ? - help, Shift-Dir - straight line You draw life force from something!
You feel life coursing into your body.
* * * LOW MAGIC WARNING * * *
Something hits you!!
* * * LOW HITPOINT WARNING * * *
Casting: Vampiric Draining (safe; 1% risk of failure)
Confirm with . or Enter, or press ? or * to list all spells.
Aiming: Vampiric Draining (safe; 1% risk of failure)
Press: ? - help, Shift-Dir - straight line You draw life force from something!
You feel life coursing into your body.
* * * LOW MAGIC WARNING * * *
You hear some strange, mumbled words.
Unknown command.
Unknown command.
Unknown command.
Unknown command.
Magic courses through your body.
You hear a zap.
Something tries to affect you, but you resist.
Casting: Vampiric Draining (safe; 1% risk of failure)
Confirm with . or Enter, or press ? or * to list all spells.
Aiming: Vampiric Draining (safe; 1% risk of failure)
Press: ? - help, Shift-Dir - straight line Nothing appears to happen.
Something tries to affect you, but you resist.
Unknown command.
Unknown command.
Unknown command.
You hear a zap.
Something tries to affect you, but you resist.
You hear some strange, mumbled words.
A fireball appears from out of thin air!
The fireball explodes!
The fireball engulfs you!
You die...

▓▓...................)..........
▓.........▓▓▓▓▓.)..............
▓.........▓ ▓))▓▓▓▓..........
▓........o▓...▓).▓ ▓▓▓▓▓▓▓▓...
▓........o▓...▓..▓ ... ▓...
▓▓▓▓......▓...▓..▓..▒ ▓...
▓.....o▓...▓▓▓▓..▒ ▓...
▓......▓.........▒ ▓▓▓▓
▓......▓.........▒ ▓
▓......▓.)).....{▒ ▓
▓......'.).p.....▒ ▓▓
.......▓▓▓▓).....▒ ▓. .......
▓......▒ ▓. ..........▓......▒
▓. ...........▓......▒ ▓.
...........▓......▒▒ ▓.
......... ▓........ ▓.
........▓▓▓........ ▓▓▓▓▓.
▓.....▓.......... ▓....{
▓.....▓........... ▓.....
▓..................▓▓.....


There were no monsters in sight!

Vanquished Creatures
  A two-headed ogre (D:8)
  Maurice (D:9)
  Psyche (D:9)
  Sigmund (D:3)
  A wyvern (D:8)
  A vampire (D:9)
  A steam dragon (D:6)
  2 water moccasins
  Duvessa (D:7)
  An orc warrior (D:9)
  A sky beast (D:6)
  An ice beast (D:8)
  4 ogres
  6 centaurs (D:8)
  A phantom (D:6)
  3 kobold brigands
  2 gnoll sergeants
  4 bullfrogs
  A scorpion (D:5)
  Dowan (D:7)
  14 wights
  3 howler monkeys
  3 hounds
  A jelly (D:8)
  6 orc priests
  2 gnoll boudas
  5 iguanas
  6 orc wizards
  A sleepcap (D:5)
  Natasha (thrice) (D:2)
  Robin (D:2)
  11 adders
  18 gnolls
  2 river rats (Sewer)
  A shadow imp (D:8)
  2 ufetubi (D:5)
  5 dart slugs
  3 ribbon worms
  28 orcs
  12 ball pythons
  4 endoplasms
  3 giant cockroaches
  9 goblins
  7 hobgoblins
  11 jackals
  8 quokkas
  A bat (D:3)
  3 frilled lizards
  27 kobolds
  18 rats
253 creatures vanquished.

Vanquished Creatures (collateral kills)
  A bullfrog (Sewer)
  A gnoll (D:5)
  A jackal (D:4)
  4 ball pythons (Sewer)
  A frilled lizard (Sewer)
  2 kobolds
  9 rats (Sewer)
19 creatures vanquished.

Grand Total: 272 creatures vanquished

Notes
Turn   | Place    | Note
-------+----------+-------------------------------------------
     0 | D:1      | utis the Demigod Necromancer began the quest for the Orb.
     0 | D:1      | Reached XP level 1. HP: 14/14 MP: 5/5
   121 | D:1      | Reached skill level 4 in Necromancy
   337 | D:1      | Reached XP level 2. HP: 20/20 MP: 2/7
   893 | D:2      | Reached XP level 3. HP: 26/26 MP: 6/8
   897 | D:2      | Learned a level 3 spell: Vampiric Draining
  1400 | D:2      | Noticed Natasha
  1404 | D:2      | Killed Natasha
  1405 | D:2      | Reached skill level 5 in Necromancy
  1643 | D:2      | Noticed Natasha
  1648 | D:2      | Killed Natasha
  1649 | D:2      | Reached XP level 4. HP: 21/33 MP: 3/9
  1886 | D:2      | Noticed Natasha
  1890 | D:2      | Killed Natasha
  1891 | D:2      | Reached skill level 6 in Necromancy
  1891 | D:2      | Reached XP level 5. HP: 38/38 MP: 5/10
  2141 | D:2      | Noticed Robin
  2187 | D:2      | Killed Robin
  2673 | D:3      | Noticed Sigmund
  2680 | D:3      | Killed Sigmund
  2681 | D:3      | Reached skill level 1 in Fighting
  2681 | D:3      | Reached skill level 1 in Polearms
  2681 | D:3      | Reached skill level 1 in Armour
  2681 | D:3      | Reached XP level 6. HP: 45/47 MP: 5/11
  5180 | D:5      | Entered Level 5 of the Dungeon
  5186 | D:5      | Learned a level 4 spell: Animate Dead
  5227 | D:5      | Reached skill level 7 in Necromancy
  5227 | D:5      | Reached XP level 7. HP: 24/53 MP: 3/12
  6135 | D:5      | Reached skill level 8 in Necromancy
  6900 | D:6      | Reached XP level 8. HP: 28/61 MP: 6/13
  7078 | D:6      | Found a glowing drain.
  7088 | D:6      | Reached skill level 9 in Necromancy
  7100 | Sewer    | Entered a sewer
  8276 | D:6      | Reached skill level 10 in Necromancy
  8318 | D:6      | Learned a level 5 spell: Curse of Agony
  8870 | D:7      | Found a staircase to the Ecumenical Temple.
  9172 | D:7      | Noticed Duvessa
  9172 | D:7      | Noticed Dowan
  9180 | D:7      | Found a runed translucent gate.
  9712 | D:7      | Found a runed translucent gate.
  9712 | D:7      | Noticed a kobold demonologist
  9713 | D:7      | Found a runed translucent gate.
  9715 | D:7      | Noticed tevior's ghost (novice HOGl)
  9767 | D:7      | Reached XP level 9. HP: 49/60 MP: 10/16
 10118 | D:7      | Killed Duvessa
 10127 | D:7      | Killed Dowan
 12856 | D:8      | Noticed a two-headed ogre
 12868 | D:8      | Killed a two-headed ogre
 12869 | D:8      | Reached skill level 5 in Polearms
 13985 | D:8      | Reached XP level 10. HP: 65/78 MP: 7/17
 14565 | D:9      | Noticed Psyche
 14571 | D:9      | Killed Psyche
 14580 | D:9      | Noticed Erolcha
 14750 | D:9      | Noticed Maurice
 14785 | D:9      | Paralysed by Maurice for 2 turns
 14790 | D:9      | Something stole a ring of ice
 14792 | D:9      | Paralysed by something for 4 turns
 14794 | D:9      | Something stole 21 poisoned darts
 14795 | D:9      | Something stole 137 gold
 14803 | D:9      | Something stole a +1 short sword of draining
 15203 | D:9      | Maurice stole 274 gold
 15211 | D:9      | Paralysed by Maurice for 5 turns
 15215 | Abyss:1  | Cast into level 1 of the Abyss (Maurice)
 15222 | D:9      | Escaped the Abyss
 15248 | D:9      | Found a runed translucent door.
 15583 | D:9      | Paralysed by something for 4 turns
 16001 | D:9      | Something stole 38 gold
 16218 | D:9      | Killed Maurice
 16219 | D:9      | Reached skill level 5 in Dodging
 16358 | D:9      | Paralysed by a gnoll sergeant for 3 turns
 16501 | D:9      | Noticed xight's ghost (journeyman DEFE)
 16585 | D:9      | Killed from afar by Erolcha

Illustrated notes

Levels and vault maps discovered:
D:1:      scummos_arrival_checkerplants, layout_rooms
D:2:      layout_loops_ring, uniq_robin, uniq_natasha
D:3:      layout_basic, mainiacjoe_overflow_alcove_3,
          nicolae_gozag_cash_rules_everything_around_me, uniq_sigmund
D:4:      layout_cave_pods, kennysheep_little_box, nicolae_eternal_life
D:5:      layout_basic, lemuel_tele_altar
D:6:      layout_rooms, nicolae_qazlal_general_emergency, gup_sewer_entry_pipe
D:7:      layout_basic, lemuel_crystal_altar, minmay_temple_entry_antechambers,
          gammafunk_ghost_nasty_kobolds, uniq_duvessa
D:8:      layout_gridville, overflow_temple_1_default, zin_statuary,
          centaur_isle
D:9:      layout_irregular_city, nicolae_overflow_hidden_temple, serial_shops,
          nicolae_shop_rolling_square, hellmonk_ghost_big_iron, uniq_psyche,
          uniq_maurice, uniq_erolcha

Skill      XL: |  1  2  3  4  5  6  7  8  9 10 |
---------------+-------------------------------+-----
Necromancy     | 4 5 6 7 8 10 | 10.4
Fighting       | 1 2 4 |  4.7
Polearms       | 1 2 5 6 |  6.4
Armour         | 1 2 4 |  4.6
Dodging        | 2 3 4 5 |  5.1
Spellcasting   | 3 |  3.0
Stealth        | |  1.7

Action                     |  1- 3 |  4- 6 |  7- 9 | 10-12 || total
---------------------------+-------+-------+-------+-------++-------
  Melee: Unarmed           |     8 |       |       |       ||     8
         Short sword       |       |    20 |    73 |       ||    93
         Halberd           |       |       |   195 |   115 ||   310
         Punch             |       |       |     1 |       ||     1
  Throw: Dart              |       |       |     1 |       ||     1
   Cast: Necrotise         |    82 |   115 |   254 |    11 ||   462
         Vampiric Draining |       |     1 |    36 |    29 ||    66
         Curse of Agony    |       |       |     1 |     1 ||     2
  Evoke: Wand              |       |       |    13 |       ||    13
    Use: Scroll            |       |     5 |    13 |       ||    18
         Potion            |       |       |     1 |     2 ||     3
   Stab: Sleeping          |       |     1 |       |       ||     1
         Distracted        |       |       |       |     1 ||     1
 Armour: Robe              |     6 |       |       |       ||     6
         Leather armour    |    11 |    31 |       |       ||    42
         Ring mail         |       |     8 |       |       ||     8
         Scale mail        |       |     2 |   361 |   188 ||   551
  Dodge: Dodged            |    13 |    35 |   311 |   202 ||   561
